 Dungeon Crawl Stone Soup version 0.31-a0-276-ge00219d475 (webtiles) character file.

Game seed: 7922504031403357601

32022 Impy the Grappler (level 13, -7/55 HPs)
             Began as an Armataur Shapeshifter on July 12, 2023.
             Was an Initiate of Gozag.
             Mangled by a bog body (14 damage)
             ... on level 3 of the Lair of Beasts on July 15, 2023.
             The game lasted 00:48:04 (18640 turns).

Impy the Grappler (Armataur Shapeshifter)          Turns: 18640, Time: 00:48:04

Health: -7/55      AC: 19    Str: 41    XL:     13   Next: 29%
Magic:  13/13      EV: 10    Int:  9    God:    Gozag
Gold:   2667       SH:  5    Dex: 11    Spells: 12/12 levels left

rFire   + +          .
                       - Unarmed
rCold   x . .        (shield currently unavailable)
rNeg    . . .        a - melded +1 animal skin
rPois   +            M - melded +1 helmet of the Postmodern Visions {Will+}
rElec   .            m - melded +0 cloak
rCorr   .            L - melded +0 pair of gloves {Dex+3}
SInv    .            (no barding)
Will    .....        r - amulet of reflection
Stlth   +            u - +4 ring of protection
HPRegen 0.29/turn    n - +6 ring of strength
MPRegen 0.13/turn

%: reflection, roll
@: dragon-form, flying
A: dragon claw, dragon scales, breathe fire, flying, reduced hp, giant, rugged
brown scales 3, (deformed body), (armoured tail), roll, long tongue, awkward
tongue, (hooves 1)
a: Breathe Fire, Begin Untransformation, Renounce Religion, Potion Petition,
Call Merchant, Bribe Branch


You were on level 3 of the Lair of Beasts.
You worshipped Gozag.
Gozag was most pleased with you.
You were a fearsome dragon!
You visited 2 branches of the dungeon, and saw 17 of its levels.
You also visited: Bailey.

You collected 3361 gold pieces.
You spent 604 gold pieces at shops.
You paid 90 gold pieces to Gozag.

Inventory:

Hand Weapons
 J - a +0 dagger
Missiles
 d - 2 throwing nets
Armour
 a - a +1 animal skin (melded)
 m - a +0 cloak (melded)
 x - +0 storm dragon scales
 G - the +2 ring mail of Forking Paths {Dex+3}
   (You found it on level 2 of the Lair of Beasts)

   Dex:       It affects your dexterity (+3).
 L - a +0 pair of gloves of dexterity (melded)
 M - the +1 helmet of the Postmodern Visions (melded) {Will+}
   (You bought it in a shop on level 14 of the Dungeon)

   Will:      It increases your willpower.
Jewellery
 g - an amulet of magic regeneration
 k - a +6 ring of intelligence
 n - a +6 ring of strength (right foreclaw)
 p - a ring of magical power
 r - an amulet of reflection (around neck)
 t - an amulet of the acrobat
 u - a +4 ring of protection (left foreclaw)
 y - a +6 ring of dexterity
 Q - a ring of wizardry
Talismans
 c - a beast talisman
 v - a dragon-blood talisman
 D - a maw talisman
Wands
 f - a wand of flame (63)
 w - a wand of iceblast (5)
 E - a wand of paralysis (5)
 H - a wand of digging (6)
 R - a wand of polymorph (2)
Scrolls
 b - 3 scrolls of fear
 e - 18 scrolls of teleportation
 h - a scroll of blinking
 j - a scroll of revelation
 N - a scroll of identify
 O - a scroll of enchant armour
 P - a scroll of poison
Potions
 i - 8 potions of curing
 l - a potion of attraction
 o - 5 potions of mutation
 q - a potion of magic
 s - a potion of might
 z - a potion of resistance
 A - 2 potions of haste
 B - a potion of ambrosia
 C - a potion of invisibility
 F - a potion of enlightenment
 I - a potion of heal wounds
 K - 2 potions of cancellation


   Skills:
 + Level 10.8 Fighting
 + Level 9.1 Dodging
 + Level 10.9 Unarmed Combat
 + Level 9.5 Shapeshifting


You had 12 spell levels left.
You didn't know any spells.
Your spell library contained the following spells:

 Spells                   Type           Power      Damage    Failure   Level
 Summon Small Mammal      Summ           0%         N/A       38%         1
 Cigotuvi's Dreadful Rot  Necr/Pois/Air  0%         N/A       52%         2
 Call Canine Familiar     Summ           0%         N/A       77%         3
 Summon Guardian Golem    Hex/Summ       0%         N/A       77%         3
 Cause Fear               Hex            0%         N/A       99%         4
 Dispel Undead            Necr           0%         3d6       99%         4
 Fireball                 Conj/Fire      0%         3d3       100%        5
 Iskenderun's Battlesphe  Conj           0%         2d6       100%        5
 Death Channel            Necr           0%         N/A       100%        6
 Leda's Unmaking          Conj/Erth      0%         9d1       100%        6
 Spellforged Servitor     Conj/Summ      0%         N/A       100%        7
 Dragon's Call            Summ           0%         N/A       100%        9


Dungeon Overview and Level Annotations

Branches:
Dungeon (14/15)            Temple (0/1) D:6            Lair (3/5) D:10
  Swamp (0/4) Lair:3        Snake (0/4) Lair:2          Orc (0/2) D:12
 Bailey (visited)
 Vaults: D:13-14

Altars:
Ashenzari
Cheibriados
Fedhas
Gozag
Nemelex Xobeh
Ru
Sif Muna
Trog
Uskayaw
Wu Jian
Xom
Zin
The Shining One

Shops:
D:8 *   D:14 [

Portals:
Abyss: D:9

Annotations:
D:7 2 transporters, Nattfarinn's ghost, novice TrSh
D:9 2 transporters, disskorpion's ghost, novice GrHu
D:10 3 runed translucent doors, zdzicho121's ghost, novice DECj
Lair:1 exclusion: oklob plant


Innate Abilities, Weirdness & Mutations

You are a fearsome dragon!
You have a powerful clawing attack.
Your giant scaled body is strong and resiliant, but less evasive.
You can breathe fire.
You are flying.
Your maximum health is decreased, since you lack skill for your form.
Your armour is entirely melded.
You are incapable of wielding weapons or throwing items.
(You are completely covered in rugged brown scales. (AC +3, +7% HP))
((Armour fits poorly on your strangely shaped body.))
((You have a long armoured tail.))
You roll when moving toward enemies. (Rampage)
Your long tongue fully drains potion bottles. (2x potion effects)
Your tongue gives you trouble enunciating. (1.5x scroll delay)
((You have large cloven feet.))


Message History

There is a stone staircase leading down here.
You fly downwards.
There is a stone staircase leading up here.
There is a snail-covered altar of Cheibriados here.
P - a scroll of poison Done exploring.
(D) Dungeon (T) Temple (L) Lair (S) Swamp (P) Snake Pit (O) Orcish Mines
Where to? (Enter - Lair:2, ? - help)
There is a stone staircase leading down here.
You fly downwards.
There is a stone staircase leading up here.
Found 3 scrolls of torment.
A bullfrog comes into view.
The bullfrog moves out of view.
Found a plate armour.
You roll towards the bullfrog!
You maul the bullfrog!!!!
You kill the bullfrog!
No target in view!
You now have 2654 gold pieces (gained 7).
You see here a +0 plate armour.
Q - a ring of wizardry You now have 2667 gold pieces (gained 13).
You see here 3 scrolls of torment.
R - a wand of polymorph (2)
Found 8 stones.
A bog body is nearby!
The bog body points at you and mumbles some strange words.
You resist with significant effort.
There is a stone staircase leading up here.
You see here 18 gold pieces.
Found a worn lead wand.
The bog body casts a spell at you. The bolt of cold hits you!!!
You feel a terrible chill!
Ouch! That really hurt!
* * * LOW HITPOINT WARNING * * *
You roll towards the bog body!
Found 15 gold pieces.
The bog body touches you!
You die...
Your body crumbles into a pile of gold.

#...## ...( ... ## #..##
## ... #####.# #...## #§
...$ .....####....#
..§~~. ..##.##~~P.~##
.[♣§§♣~. $
####..~~~~~.~####.§§§♣§..
# #.~~≈~≈~~<$#P#.§§§§~..
#~~~~~###~~°°..Dn§§§♣...
#~~≈###~###≈~~...§n§.PPP
#~~≈## ~~ww#~~~........P.
.#~~# ~~~~~~~........P#
#~~≈## ~~~#~~~..(....##
..~~~###/###≈~~#.>....#
...~~~~###~~~~~#....###
.....~~≈~≈~~~~##...#.#
......~~~~~###~...P###


You could see 2 bog bodies.

Vanquished Creatures
  3 hydras
  Erica (D:11)
  3 two-headed ogres
  A boulder beetle (D:11)
  A centaur warrior (D:13)
  Urug (D:12)
  Sonja (D:11)
  A wizard (D:14)
  2 deep elf pyromancers
  2 cyclopes
  3 ugly things
  A salamander (Lair:2)
  3 elephants (Lair:2)
  2 black mambas
  2 gargoyles
  A cane toad (Lair:1)
  4 unseen horrors
  2 komodo dragons (Lair:1)
  A freezing wraith (D:14)
  A kobold demonologist (D:9)
  3 rime drakes
  An efreet (D:13)
  4 trolls
  Grinder (D:4)
  12 blink frogs (Lair:2)
  2 slime creatures (D:14)
  A vampire (D:10)
  5 wraiths
  4 wyverns
  Eustachio (D:4)
  25 yaks
  A basilisk (Lair:2)
  2 steam dragons
  6 vampire mosquitoes (D:13)
  Menkaure (D:5)
  2 acid dragons (D:10)
  5 water moccasins
  12 orc warriors
  5 sky beasts (D:7)
  A black bear (D:5)
  An ice beast (D:5)
  6 centaurs
  10 bullfrogs
  3 kobold brigands
  2 scorpions
  2 gnoll sergeants
  5 wights
  9 killer bees
  2 howler monkeys
  2 electric eels (Lair:1)
  3 lava snakes (Lair:2)
  6 hounds
  2 jellies
  8 orc priests
  5 iguanas
  Terence (D:3)
  Natasha (thrice) (D:3)
  4 orc wizards
  3 sleepcaps
  Robin (D:3)
  21 gnolls
  3 adders
  A white imp (D:7)
  4 ufetubi
  2 worms (D:3)
  3 dart slugs
  35 orcs
  2 bats (D:2)
  10 endoplasms
  A giant cockroach (D:3)
  18 goblins
  11 hobgoblins
  5 jackals (D:1)
  2 quokkas
  8 ball pythons
  A frilled lizard (D:1)
  15 kobolds
  11 rats
361 creatures vanquished.

Notes
Turn   | Place    | Note
-------+----------+-------------------------------------------
     0 | D:1      | Impy the Armataur Shapeshifter began the quest for the Orb.
     0 | D:1      | Reached XP level 1. HP: 18/18 MP: 1/1
   142 | D:1      | Reached XP level 2. HP: 21/25 MP: 2/2
   641 | D:1      | Reached XP level 3. HP: 24/31 MP: 3/3
  1266 | D:2      | Reached XP level 4. HP: 30/39 MP: 4/4
  1657 | D:3      | Noticed Natasha
  1664 | D:3      | Killed Natasha
  1665 | D:3      | Reached XP level 5. HP: 30/44 MP: 5/5
  1718 | D:3      | Noticed Natasha
  1724 | D:3      | Killed Natasha
  1855 | D:3      | Noticed Robin
  1891 | D:3      | Killed Robin
  1938 | D:3      | Noticed Natasha
  1949 | D:3      | Killed Natasha
  2355 | D:3      | Upgraded the game from 0.31-a0-240-gb923e448b6 to
                  | 0.31-a0-256-g80acddb972
  2462 | D:3      | Noticed Terence
  2472 | D:3      | Killed Terence
  2667 | D:4      | Found a bloodstained altar of Trog.
  2672 | D:4      | Noticed Eustachio
  2683 | D:4      | Reached XP level 6. HP: 38/54 MP: 6/6
  2697 | D:4      | Killed Eustachio
  2743 | D:4      | Reached XP level 7. HP: 31/62 MP: 7/7
  3066 | D:4      | Found a hide-covered altar of Uskayaw.
  3100 | D:4      | Found a shimmering altar of Xom.
  3103 | D:4      | Noticed Grinder
  3113 | D:4      | Killed Grinder
  3264 | D:5      | Entered Level 5 of the Dungeon
  3819 | D:5      | Identified the +1 dagger "Kajomuk" {holy, Dex+10}
  3823 | D:5      | Reached XP level 8. HP: 66/71 MP: 8/8
  4405 | D:5      | Noticed Menkaure
  4413 | D:5      | Killed Menkaure
  4518 | D:5      | Found an opulent altar of Gozag.
  4523 | D:5      | Became a worshipper of Gozag Ym Sagoz the Greedy
  4718 | D:6      | Found a blossoming altar of Fedhas.
  4737 | D:6      | HP: 3/71 [steam dragon (10)]
  4741 | D:6      | Reached skill level 5 in Fighting
  4741 | D:6      | Reached skill level 5 in Unarmed Combat
  4845 | D:6      | Found a staircase to the Ecumenical Temple.
  5134 | D:6      | Reached skill level 5 in Shapeshifting
  5530 | D:7      | Found a transporter.
  5531 | D:7      | Noticed Nattfarinn's ghost (novice TrSh)
  5535 | D:7      | Noticed a two-headed ogre
  5626 | D:7      | Found a broken altar of Ashenzari.
  5672 | D:7      | Found a transporter.
  5825 | D:7      | Reached XP level 9. HP: 50/79 MP: 9/9
  6401 | D:7      | Killed an unseen horror
  6614 | D:7      | Reached skill level 5 in Dodging
  6620 | D:7      | Found a glowing silver altar of Zin.
  7048 | D:8      | Found a sacrificial altar of Ru.
  7209 | D:8      | Found a shimmering blue altar of Sif Muna.
  7625 | D:8      | Found Qusapawk's Assorted Antiques.
  7686 | D:8      | Reached XP level 10. HP: 73/89 MP: 10/10
  7992 | D:8      | Upgraded the game from 0.31-a0-256-g80acddb972 to
                  | 0.31-a0-267-g3fc6992b3b
  8078 | D:9      | Noticed a two-headed ogre
  8087 | D:9      | Killed a two-headed ogre
  8278 | D:9      | Gained mutation: You have large cloven feet. [a neqoxec]
  8411 | D:9      | Found an ornate altar of the Wu Jian Council.
  8418 | D:9      | Found a sparkling altar of Nemelex Xobeh.
  8510 | D:9      | Found a one-way gate to the infinite horrors of the Abyss.
  8510 | D:9      | Noticed disskorpion's ghost (novice GrHu)
  8510 | D:9      | Noticed a wizard
  8574 | D:9      | Found a transporter.
  8618 | D:9      | Found a transporter.
  8619 | D:9      | Noticed a toenail golem
  9046 | D:10     | Entered Level 10 of the Dungeon
  9222 | D:10     | Found a staircase to the Lair.
  9228 | D:10     | Noticed a cyclops
  9237 | D:10     | Killed a cyclops
  9258 | D:10     | Found a flagged portal.
  9278 | Bailey   | Entered a bailey
  9705 | Bailey   | Identified the -2 cloak "Seduelyly" {-Tele rN+ Slay+3}
  9904 | D:10     | Reached XP level 11. HP: 69/100 MP: 11/11
 10153 | D:10     | Found a runed translucent gate.
 10153 | D:10     | Found a runed translucent gate.
 10153 | D:10     | Found a runed translucent gate.
 10153 | D:10     | Noticed a skeletal warrior
 10154 | D:10     | Noticed a flayed ghost
 10154 | D:10     | Noticed zdzicho121's ghost (novice DECj)
 10155 | D:10     | Noticed a two-headed ogre
 10459 | D:10     | Found a glowing golden altar of the Shining One.
 11054 | D:11     | Noticed a boulder beetle
 11067 | D:11     | Killed a boulder beetle
 11418 | D:11     | Noticed Sonja
 11424 | D:11     | HP: 4/85 [asphyx]
 11430 | D:11     | Killed Sonja
 11762 | D:11     | Noticed Erica
 11777 | D:11     | Killed Erica
 12025 | D:11     | Upgraded the game from 0.31-a0-267-g3fc6992b3b to
                  | 0.31-a0-276-ge00219d475
 12112 | Lair:1   | Entered Level 1 of the Lair of Beasts
 13433 | Lair:1   | Noticed an oklob plant
 13885 | Lair:2   | Reached XP level 12. HP: 62/111 MP: 12/12
 14457 | Lair:2   | Found a staircase to the Snake Pit.
 14521 | Lair:2   | Found a snail-covered altar of Cheibriados.
 14522 | Lair:2   | Identified the +2 ring mail of Forking Paths {Dex+3}
 15118 | Lair:3   | Reached skill level 10 in Unarmed Combat
 15206 | Lair:3   | Found a staircase to the Swamp.
 15206 | Lair:3   | Noticed a demonic crawler
 15578 | D:12     | Reached skill level 10 in Fighting
 15734 | D:12     | Noticed a two-headed ogre
 15739 | D:12     | Killed a two-headed ogre
 15789 | D:12     | Noticed a two-headed ogre
 15804 | D:12     | Killed a two-headed ogre
 15865 | D:12     | Found a staircase to the Orcish Mines.
 15919 | D:12     | Noticed Urug
 15934 | D:12     | Killed Urug
 17027 | D:13     | You fall into a shaft and drop 1 floor!
 17155 | D:14     | Found Wuylo's Armour Emporium.
 17161 | D:14     | Bought a +0 pair of gloves of dexterity for 207 gold pieces
 17161 | D:14     | Bought the +1 helmet of the Postmodern Visions {Will+} for
                  | 397 gold pieces
 17196 | D:14     | Noticed a five-headed hydra
 17226 | D:14     | Killed a six-headed hydra
 17237 | D:14     | Reached XP level 13. HP: 21/121 MP: 13/13
 18640 | Lair:3   | Mangled by a bog body

Illustrated notes

Levels and vault maps discovered:
D:1:      tarquinn_simple_flora_water_c, layout_loops_ring, serial_forest,
          infiniplex_forest_lined_2, infiniplex_forest_clump_double,
          infiniplex_forest_clump_cross, infiniplex_forest_straight_1,
          infiniplex_forest_straight_2
D:2:      layout_rooms, due_unseen_surprise
D:3:      layout_basic, minmay_hedge_maze, uniq_natasha, uniq_robin,
          uniq_terence
D:4:      layout_rooms, mainiacjoe_overflow_cross_hatched, lemuel_round_altar,
          kennysheep_mini_moat, uniq_grinder, uniq_eustachio
D:5:      layout_layer_cave, mainiacjoe_overflow_alcove_2,
          hangedman_abyss_or_decor_stabs, uniq_menkaure
D:6:      layout_rooms, fedhas_altar_1, minmay_temple_entry_proselytizer
D:7:      layout_loops_corners, ashenzari_conservatory_becter,
          nzn_ghost_randoct, minmay_ruined_shrine
D:8:      layout_cave_pools, general_overflow_altar, nicolae_ru_awakened_eye,
          nicolae_overflow_hidden_temple, serial_shops, kennysheep_little_box
D:9:      layout_gridville, mainiacjoe_overflow_tiny_flanked,
          mainiacjoe_overflow_catwalk, gammafunk_ghost_abyssal_escape
D:10:     layout_grid_maze, tso_altar, lair_entry_dummy, gammafunk_ghost_split,
          enter_bailey_7, minmay_chambers_of_fives
D:11:     layout_stronghold, kennysheep_generic_room_12, uniq_sonja, uniq_erica
D:12:     layout_irregular_city, david_orc_5, uniq_urug
D:13:     layout_cave_pods, kennysheep_small_square
D:14:     layout_layer_cave, erik_vaults_2, serial_shops,
          nicolae_shop_gibbet_a_chance, nicolae_shop_statue_plus, shop, shop,
          minivault_19
Lair:1:   layout_regular_city, minmay_lair_oklob_bushes, dpeg_stationary_puzzle,
          lemuel_fruit_fields
Lair:2:   layout_big_grid, nicolae_snake_entry_warm_welcome, basic_altar,
          portal_ice_cave_rime, chequers_serial_rivers_room_b,
          amcnicky_mini_pool_medium
Lair:3:   layout_layer_cave, skrybe_swamp_entry_bodies, worms_lemuel,
          lemuel_fruit_fields

Skill      XL: |  1  2  3  4  5  6  7  8  9 10 11 12 13 |
---------------+----------------------------------------+-----
Fighting       | 2 3 4 5 6 8 9 10 | 10.8
Unarmed Combat | 2 3 4 5 6 8 9 10 | 10.9
Shapeshifting  | 3 4 5 6 7 8 9 |  9.5
Dodging        | 2 3 4 5 6 7 8 9 |  9.1

Action                     |  1- 3 |  4- 6 |  7- 9 | 10-12 | 13-15 || total
---------------------------+-------+-------+-------+-------+-------++-------
  Melee: Unarmed           |    95 |   129 |   329 |   518 |    37 ||  1108
         Tailslap          |    10 |    22 |    35 |    85 |     5 ||   157
         Punch             |     1 |     5 |    10 |    27 |     1 ||    44
         Kick              |       |       |       |   159 |       ||   159
         Maw               |       |       |       |    91 |       ||    91
         Bite              |       |       |       |       |     5 ||     5
  Evoke: Wand              |       |       |       |     6 |       ||     6
    Use: Scroll            |     5 |     4 |    10 |     9 |     1 ||    29
         Potion            |       |     2 |     3 |    10 |       ||    15
   Stab: Sleeping          |     2 |       |     2 |       |       ||     4
         Distracted        |       |       |       |     2 |       ||     2
 Armour: Animal skin       |    25 |    14 |   108 |    44 |       ||   191
         Skin              |       |    42 |       |    64 |    17 ||   123
  Dodge: Dodged            |    26 |    35 |   135 |   192 |    12 ||   400
  Block: Other             |       |       |    49 |    87 |     6 ||   142
         Reflection        |       |       |     1 |     5 |       ||     6
         Form:             |     1 |       |       |     3 |       ||     4
         Beast             |     1 |       |       |       |       ||     1
         Maw               |       |       |       |     3 |       ||     3
         Dragon            |       |       |       |     2 |       ||     2

Table legend: (Time is in decaauts)
 A = Elapsed time spent in this place.
 B = Non-inter-level travel time spent in this place.
 C = Inter-level travel time spent in this place.
 D = Time resting spent in this place.
 E = Time spent auto-exploring this place.
 F = Levels seen in this place.
 G = Mean time per level.
                   A        B        C        D        E       F      G
               +--------+--------+--------+--------+--------+-----+--------+
         Total |  18559 |  17819 |    740 |    102 |  14704 |  18 | 1031.1 |
       Dungeon |  14383 |  13790 |    593 |    102 |  11383 |  14 | 1027.4 |
          Lair |   3596 |   3450 |    146 |      0 |   2917 |   3 | 1198.7 |
        Bailey |    580 |    580 |      0 |      0 |    404 |   1 |  580.0 |
               +--------+--------+--------+--------+--------+-----+--------+

Top non-repeatable levels by time:
  Lair:2: 1753 daAuts
     D:7: 1698 daAuts
  Lair:1: 1596 daAuts
    D:10: 1481 daAuts
     D:5: 1432 daAuts
    D:12: 1323 daAuts
    D:13: 1110 daAuts
    D:11: 1102 daAuts
     D:8: 1086 daAuts
     D:3: 1025 daAuts
     D:9: 964 daAuts
     D:1: 946 daAuts
     D:2: 695 daAuts
     D:4: 591 daAuts
  Bailey: 580 daAuts
